 Dungeon Crawl Stone Soup version 0.31.0-1-g2c135a008e (webtiles) character file.

Game seed: 13502525120624756314

1052 qw the Shooter (level 8, 0/58 HPs)
             Began as a Djinni Hunter on Jan 24, 2024.
             Slain by a gnoll
             ... wielding a +0 spear
              (6 damage)
             ... on level 4 of the Dungeon.
             The game lasted 00:00:20 (4067 turns).

qw the Shooter (Djinni Hunter)                      Turns: 4067, Time: 00:00:21

Health: 0/58       AC:  7    Str: 10    XL:     8   Next: 50%
Gold:   261        EV: 12    Int: 12    God:
                   SH:  0    Dex: 18

rFire   + + .        a - +1 shortbow
rCold   x . .        (shield currently unavailable)
rNeg    . . .        b - +0 ring mail
rPois   inf          (no helmet)
rElec   .            (no cloak)
rCorr   .            d - +1 pair of gloves
SInv    .            (boots unavailable)
Will    .....        g - amulet of the acrobat
Stlth   +            (no ring)
HPRegen 0.29/turn    (no ring)
MPRegen 0.00/turn

%: acrobat, infuse magic (-1 HP)
@: flying
A: sickness immunity, fire resistance 2, cold vulnerability 1, float, innate
caster, HP casting, extra vitality 1
a: no special abilities


You were on level 4 of the Dungeon.
You visited 1 branch of the dungeon, and saw 5 of its levels.
You also visited: Sewer.

You collected 285 gold pieces.
You spent 24 gold pieces at shops.


Innate Abilities, Weirdness & Mutations

You are immune to sickness and miasma.
You are immune to poison.
Your flesh is very heat resistant. (rF++)
You are vulnerable to cold. (rC-)
You float through the air rather than walking.
You learn spells naturally, not from books.
Your magical power is your life essence.
You have superior vitality. (+4 MHP)


   Skills:
 + Level 4.2 Fighting
 - Level 7.0 Ranged Weapons
 - Level 2.0 Armour
 - Level 4.6 Dodging
 - Level 0.7 Stealth


You knew the following spells:

 Your Spells              Type           Power      Damage    Failure   Level
a - Necrotise             Necr           0%         1d4       63%         1
b - Mercury Vapours       Alch/Air       0%         N/A       77%         2
c - Inner Flame           Hex/Fire       0%         N/A       94%         3
Your spell library was empty.

Inventory:

Hand Weapons
 a - a +1 shortbow (weapon)
Armour
 b - a +0 ring mail (worn)
 c - a +1 hat
 d - a +1 pair of gloves (worn)
Jewellery
 g - an amulet of the acrobat (around neck)
Wands
 f - a wand of flame (10)
Potions
 e - a potion of curing
 h - a potion of haste
 j - a potion of resistance {unknown}
 k - 2 potions of cancellation {unknown}

Dungeon Overview and Level Annotations

Branches:
Dungeon (5/15)              Sewer (visited)
 Temple: D:4-7

Altars:
Ashenzari
Gozag
Hepliaklqana
Makhleb
Xom

Shops:
D:1 ?

Annotations:
D:4 Eustachio


Message History

Edmund barely misses you. The gnoll misses you.
You shoot an arrow. The arrow hits Edmund!
You kill Edmund!
The gnoll hits you from afar with a +0 spear.
You shoot an arrow. The arrow closely misses the gnoll.
The arrow hits the gnoll.
The gnoll is moderately wounded.
The gnoll barely misses you.
You shoot an arrow. The arrow hits the gnoll.
The gnoll is heavily wounded.
The gnoll closely misses you.
You shoot an arrow. The arrow closely misses the gnoll.
The arrow completely misses the gnoll.
The gnoll hits you from afar with a +0 spear.
The gnoll barely misses you.
You shoot an arrow. The arrow hits the gnoll.
The gnoll is heavily wounded.
The gnoll hits you from afar with a +0 spear.
You shoot an arrow. The arrow barely misses the gnoll.
The arrow hits the gnoll.
The gnoll is heavily wounded.
The gnoll barely misses you.
You shoot an arrow. The arrow hits the gnoll.
The gnoll is severely wounded.
The gnoll hits you from afar with a +0 spear.
You shoot an arrow. The arrow hits the gnoll.
You kill the gnoll!
Your Ranged Weapons skill increases to level 7!
You shoot an arrow. The arrow hits the gnoll.
The gnoll is almost dead.
The gnoll misses you.
You shoot an arrow. The arrow barely misses the gnoll.
The gnoll closely misses you. The gnoll barely misses you.
You shoot an arrow. The arrow hits the gnoll.
You kill the gnoll!
You shoot an arrow.
The arrow hits the gnoll but does no damage.
The gnoll closely misses you.
You shoot an arrow. The arrow completely misses the gnoll.
The gnoll hits you from afar with a +0 spear.
You die...

########....#..........
#.......#...+..........
#.......#...#..........
#.......#...#.....####.
#.......#...%.....#
#.......#+###.....#
#.................#
########.....######
#.....'.@..+
#.....#.g..#
###.....###g##
#.>...### ... #.....#
#.... #.....# #.....
#.....# #...... #.....+
#......# #.....#
#......#


You could see 2 gnolls.

Vanquished Creatures
  Sigmund (D:3)
  Edmund (D:4)
  A water moccasin (D:5)
  A kobold brigand (Sewer)
  2 scorpions (D:5)
  2 howler monkeys
  An orc priest (D:3)
  2 bombardier beetles (D:3)
  Terence (D:3)
  An iguana (D:5)
  2 gnolls (D:4)
  6 adders
  9 river rats (Sewer)
  3 ribbon worms
  2 dart slugs
  5 orcs
  16 ball pythons
  3 bats
  3 endoplasms
  2 giant cockroaches
  3 goblins
  6 hobgoblins
  2 quokkas
  4 frilled lizards
  23 kobolds
  24 rats
126 creatures vanquished.

Notes
Turn   | Place    | Note
-------+----------+-------------------------------------------
     0 | D:1      | qw the Djinni Hunter began the quest for the Orb.
     0 | D:1      | Reached XP level 1. HP: 18/18 MP: 0/0
     0 | D:1      | 0 ||| qw: Version: 0.3-a-136-gdd3b4e8
     0 | D:1      | 0 ||| qw: Game counter: 1226
     0 | D:1      | 0 ||| qw: Melee chars always use a shield: true
     0 | D:1      | 0 ||| qw: God list: Okawaru
     0 | D:1      | 0 ||| qw: Allow faded altars: false
     0 | D:1      | 0 ||| qw: Do Orc after clearing Dungeon:15 true
     0 | D:1      | 0 ||| qw: Do second Lair branch before Depths: true
     0 | D:1      | 0 ||| qw: Lair rune preference: random
     0 | D:1      | 0 ||| qw: Goals: Normal
     0 | D:1      | 0 ||| PLANNING D:1-11
    85 | D:1      | Reached XP level 2. HP: 23/23 MP: 0/0
   343 | D:1      | Found Hikom's Magic Scroll Shop.
   351 | D:1      | 351 ||| SHOPLISTING scroll of acquirement (624 gold, have
                  | 79).
   351 | D:1      | 351 ||| SHOPLISTING scroll of enchant armour (90 gold, have
                  | 79).
   351 | D:1      | 351 ||| SHOPLISTING scroll of enchant weapon (90 gold, have
                  | 79).
   351 | D:1      | 351 ||| BUYING scroll of identify (24 gold).
   351 | D:1      | Bought a scroll of identify for 24 gold pieces
   436 | D:1      | Reached XP level 3. HP: 28/28 MP: 0/0
   436 | D:1      | Learned a level 1 spell: Necrotise
   442 | D:1      | Reached skill level 4 in Ranged Weapons
   619 | D:1      | 619 ||| DROPPING scarf of harm.
   620 | D:1      | 620 ||| READING scroll of identify.
   620 | D:1      | 620 ||| IDENTIFYING murky clear potion
   621 | D:1      | 621 ||| READING scroll labelled OPIS GEXOSOTH.
   622 | D:1      | 622 ||| READING 2 scrolls labelled XUSA OGHIN.
   623 | D:1      | 623 ||| READING 3 scrolls labelled DARROU LAOR.
   627 | D:1      | 627 ||| READING scroll labelled XIANYZY GOJADGH.
   628 | D:1      | 628 ||| DROPPING scroll of butterflies.
   629 | D:1      | 629 ||| DROPPING scroll of noise.
   848 | D:2      | Reached skill level 3 in Fighting
   848 | D:2      | Reached XP level 4. HP: 32/35 MP: 0/0
  1221 | D:2      | 1221 ||| UPGRADING to +0 ring mail.
  1231 | D:2      | 1231 ||| DROPPING +0 leather armour.
  1232 | D:2      | 1232 ||| READING scroll of identify.
  1232 | D:2      | 1232 ||| IDENTIFYING bubbling orange potion
  1233 | D:2      | 1233 ||| READING scroll labelled RYGIUH PAICEMI.
  1234 | D:2      | 1234 ||| DROPPING potion of degeneration.
  1283 | D:3      | Reached skill level 1 in Armour
  1283 | D:3      | Reached XP level 5. HP: 36/40 MP: 0/0
  1283 | D:3      | Learned a level 2 spell: Mercury Vapours
  1317 | D:3      | Found a broken altar of Ashenzari.
  1601 | D:3      | Found a shimmering altar of Xom.
  1604 | D:3      | Found an opulent altar of Gozag.
  1930 | D:3      | Reached XP level 6. HP: 46/46 MP: 0/0
  1930 | D:3      | 1930 ||| UPGRADING to +0 pair of gloves.
  2001 | D:3      | Noticed Terence
  2020 | D:3      | Killed Terence
  2021 | D:3      | Reached skill level 5 in Ranged Weapons
  2185 | D:3      | Noticed Sigmund
  2186 | D:3      | 2186 ||| ZAPPING wand of flame (25) at 6,0 (Sigmund;
                  | floor).
  2187 | D:3      | 2187 ||| ZAPPING wand of flame (24) at 5,0 (Sigmund;
                  | floor).
  2188 | D:3      | 2188 ||| ZAPPING wand of flame (23) at 4,0 (Sigmund;
                  | floor).
  2189 | D:3      | 2189 ||| ZAPPING wand of flame (22) at 3,0 (Sigmund;
                  | floor).
  2190 | D:3      | 2190 ||| ZAPPING wand of flame (21) at 2,0 (Sigmund;
                  | floor).
  2190 | D:3      | Killed Sigmund
  2191 | D:3      | Reached XP level 7. HP: 50/50 MP: 0/0
  2191 | D:3      | Learned a level 3 spell: Inner Flame
  2318 | D:3      | 2318 ||| READING scroll labelled DUUMUMN EVORE.
  2318 | D:3      | 2318 ||| ENCHANTING +0 pair of gloves.
  2319 | D:3      | 2319 ||| DRINKING 2 inky potions.
  2343 | D:4      | Noticed Eustachio
  2351 | D:4      | 2351 ||| ZAPPING wand of flame (20) at -7,4 (Eustachio;
                  | floor).
  2356 | D:4      | 2356 ||| ZAPPING wand of flame (19) at -1,6 (Eustachio;
                  | floor).
  2357 | D:4      | 2357 ||| ZAPPING wand of flame (18) at -1,5 (Eustachio;
                  | floor).
  2358 | D:4      | 2358 ||| RETREEEEATING.
  2359 | D:4      | 2359 ||| RETREEEEATING.
  2360 | D:4      | 2360 ||| RETREEEEATING.
  2361 | D:4      | 2361 ||| RETREEEEATING.
  2362 | D:4      | 2362 ||| RETREEEEATING.
  2368 | D:4      | 2368 ||| RETREEEEATING.
  2369 | D:4      | 2369 ||| RETREEEEATING.
  2370 | D:4      | 2370 ||| RETREEEEATING.
  2372 | D:4      | 2372 ||| RETREEEEATING.
  2373 | D:4      | 2373 ||| RETREEEEATING.
  2374 | D:4      | 2374 ||| RETREEEEATING.
  2375 | D:4      | 2375 ||| RETREEEEATING.
  2376 | D:4      | 2376 ||| RETREEEEATING.
  2378 | D:4      | HP: 11/50 [gnoll/+0 flail (3)]
  2379 | D:4      | 2379 ||| READING 2 scrolls of teleportation.
  2380 | D:4      | 2380 ||| DRINKING potion of heal wounds.
  2515 | D:4      | You are sucked into a shaft and drop 1 floor!
  2515 | D:5      | Entered Level 5 of the Dungeon
  2515 | D:5      | Found a hazy altar of Hepliaklqana.
  2516 | D:5      | 2516 ||| PLANNING SEWER
  2590 | D:5      | Found a burning altar of Makhleb.
  2784 | D:5      | Noticed a water moccasin
  2785 | D:5      | 2785 ||| RETREEEEATING.
  2787 | D:5      | 2787 ||| RETREEEEATING.
  2797 | D:5      | 2797 ||| ZAPPING wand of flame (17) at 0,1 (water moccasin;
                  | floor).
  2798 | D:5      | 2798 ||| ZAPPING wand of flame (16) at 0,1 (water moccasin;
                  | floor).
  2799 | D:5      | 2799 ||| ZAPPING wand of flame (15) at 0,1 (water moccasin;
                  | floor).
  2800 | D:5      | 2800 ||| ZAPPING wand of flame (14) at 0,1 (water moccasin;
                  | floor).
  2801 | D:5      | 2801 ||| ZAPPING wand of flame (13) at 0,1 (water moccasin;
                  | floor).
  2802 | D:5      | 2802 ||| ZAPPING wand of flame (12) at 0,1 (water moccasin;
                  | floor).
  2803 | D:5      | 2803 ||| ZAPPING wand of flame (11) at 0,1 (water moccasin;
                  | floor).
  2803 | D:5      | Killed a water moccasin
  2804 | D:5      | Reached XP level 8. HP: 35/58 MP: 0/0
  3037 | D:5      | Found a glowing drain.
  3038 | D:5      | 3038 ||| UPGRADING to amulet of the acrobat.
  3043 | D:5      | 3043 ||| READING scroll labelled WIUSAK HUOREOQ.
  3051 | Sewer    | Entered a sewer
  3073 | Sewer    | Reached skill level 6 in Ranged Weapons
  3229 | Sewer    | HP: 13/58 [river rat (5)]
  3230 | Sewer    | 3230 ||| READING scroll of teleportation.
  3936 | Sewer    | 3936 ||| READING scroll of identify.
  3936 | Sewer    | 3936 ||| IDENTIFYING dark potion
  3937 | Sewer    | 3937 ||| READING scroll labelled VOYTTO QIFA.
  3937 | Sewer    | 3937 ||| ENCHANTING +0 shortbow.
  3938 | Sewer    | 3938 ||| DRINKING 2 fizzy blue potions.
  3939 | Sewer    | 3939 ||| DROPPING potion of invisibility.
  3974 | D:5      | 3974 ||| PLANNING D:1-11
  4034 | D:4      | Noticed Edmund
  4042 | D:4      | 4042 ||| RETREEEEATING.
  4052 | D:4      | HP: 14/58 [gnoll/+0 spear (1)]
  4055 | D:4      | Killed Edmund
  4058 | D:4      | HP: 9/58 [gnoll/+0 spear (3)]
  4061 | D:4      | HP: 4/58 [gnoll/+0 spear (5)]
  4063 | D:4      | Reached skill level 7 in Ranged Weapons
  4067 | D:4      | Slain by a gnoll

Levels and vault maps discovered:
D:1:      scummos_arrival_star, layout_loops_ring, serial_shops,
          nicolae_shop_tiny_waterfront
D:2:      layout_loops_ring
D:3:      layout_loops_corners, lemuel_crystal_altar, minitemple, uniq_sigmund,
          uniq_terence, uniq_robin
D:4:      layout_gridville, minmay_misc_feat_doors, uniq_edmund, uniq_eustachio,
          uniq_duvessa
D:5:      layout_loops_ring, lemuel_coloured_pillars_altar,
          mainiacjoe_overflow_paths, portal_sewer_entry_b

Skill      XL: |  1  2  3  4  5  6  7  8 |
---------------+-------------------------+-----
Ranged Weapons | 4 5 7 |  7.0
Fighting       | 3 4 |  4.2
Armour         | 1 2 |  2.0
Dodging        | 4 |  4.6
Stealth        | |  0.7

Action                     |  1- 3 |  4- 6 |  7- 9 || total
---------------------------+-------+-------+-------++-------
   Fire: Shortbow          |    78 |   116 |   302 ||   496
  Evoke: Wand              |       |     5 |    10 ||    15
    Use: Scroll            |     5 |     2 |     6 ||    13
         Potion            |       |       |     3 ||     3
 Armour: Leather armour    |    17 |    13 |       ||    30
         Ring mail         |       |    26 |   195 ||   221
  Dodge: Dodged            |    13 |    45 |   205 ||   263

Table legend:
 A = Non-vault XP
 B = Vault XP
 C = Vault XP percentage of total XP
 D = Non-vault monster count
 E = Vault monster count
 F = Vault count percentage of total count
                 A         B        C        D         E       F
            +---------+---------+-------+---------+---------+-------
      Total |     792 |     711 |  47.3 |      71 |      55 |  43.7
            +---------+---------+-------+---------+---------+-------
        D:1 |      32 |       0 |   0.0 |      20 |       0 |   0.0
        D:2 |      66 |       0 |   0.0 |      18 |       0 |   0.0
        D:3 |     233 |     264 |  53.1 |      20 |       2 |   9.1
        D:4 |      33 |     164 |  83.2 |       4 |       1 |  20.0
        D:5 |     428 |       4 |   0.9 |       9 |       3 |  25.0
      Sewer |       0 |     279 | 100.0 |       0 |      49 | 100.0
            +---------+---------+-------+---------+---------+-------
